Unix xNetHack Version 8.0.0 - last build Jan 15 2024 03:47:00 (be4d3c81716514284228e1a23197c27ddb32b841). Game began 2024-01-27 13:06:56, ended 2024-01-27 19:09:26. UmberConductor, lawful female human Monk --------- ##########################........| ----- ## ------------# |.......| |....| ## |<..........# |.....%.| |.....# ## |..........|# ###........| |....|# ----+----# ####...........+##### |...%.>.| |....-### #....@...-####### |..........|# ---.----- |.... %####|..^.T..| ## +.*........|## ## -+--- # #|........######## |..........|### #### ## #........| ---+--------############ % ## --------- ----+--.-- # |........| # |........| ### |........| ---+----- # |........ |.......-## -------- ........| |.......| --------- UmberConductor the Student of Stones St:16 Dx:17 Co:17 In:12 Wi:18 Ch:11 Lawful S:58803 Dlvl:13 $:224 HP:0(81) Pw:63(63) AC:-4 Xp:11/11057 T:18541 Hungry Stun Latest messages: What do you want to read? [zDE or ?*] z As you read the scroll, it disappears. D - a blessed scroll of fire {5}. E - an uncursed scroll of genocide {5}. v - an uncursed ring of sustain ability {3}. H - an uncursed +2 ring of adornment {3}. You are beginning to feel hungry. What do you want to take off? [abuG or ?*] K You were wearing an uncursed ring of polymorph control (on left hand) {3}. You see here a leprechaun corpse. Your bone orcish helm blocks the rock troll's attack. The rock troll misses! The rock troll bites! You find a hidden door. Really step into that magic portal? y You activated a magic portal! You feel slightly dizzy. [You have reached the Monastery of Chan-Sune but something is wrong. The Grand Master needs your aid.] You feel a bit steadier now. What do you want to zap? [dntyA or ?*] n In what direction? k The wand hits the leprechaun! The wand hits the leprechaun! You kill the leprechaun! $ - 224 gold pieces {2}. The earth elemental pummels you! The earth elemental pummels you! The xorn claws you! The xorn claws you! The xorn claws you! The xorn bites! What do you want to zap? [dntyA or ?*] d In what direction? j The xorn vanishes! Really step into that magic portal? y You activated a magic portal! You feel slightly dizzy. The rock troll claws you! The rock troll claws you! The rock troll bites! What do you want to zap? [dntyA or ?*] d In what direction? . What do you want to zap? [dntyA or ?*] d You wrest one last charge from the worn-out wand. In what direction? . The wand of teleportation turns to dust. The rock troll claws you! The rock troll claws you! You die... Do you want your possessions identified? q Inventory: Inventory: 831/875 weight (39/52 slots) Coins ('$') $ - 224 gold pieces {2} Amulets ('"') X - a blessed greased amulet of reflection named Unexpectancy (being worn) {20} Weapons (')') f - an uncursed +1 elven spear {30} B - 4 uncursed +0 elven spears (at the ready) {120} I - an uncursed +0 mithril spear {18} Armor ('[') a - an uncursed +2 pair of leather gloves (being worn) {8} b - an uncursed burnt +1 robe (being worn) {12} u - an uncursed +2 bone orcish helm (being worn) {7} G - an uncursed +0 pair of mithril dwarvish boots (being worn) {24} Comestibles ('%') p - an uncursed lizard corpse {10} M - 3 uncursed lizard corpses {30} U - 2 uncursed sprigs of wolfsbane {2} Scrolls ('?') D - a blessed scroll of fire {5} E - an uncursed scroll of genocide {5} Rings ('=') v - an uncursed ring of sustain ability {3} C - an uncursed ring of invisibility {3} H - an uncursed +2 ring of adornment {3} K - an uncursed ring of polymorph control {3} L - an uncursed ring of shock resistance {3} N - an uncursed ring of stealth {3} P - an uncursed ring of protection from shape changers {3} Wands ('/') n - an uncursed wand of striking (0:0) {7} t - an uncursed wand of digging (0:3) {7} y - an uncursed wand of probing (0:7) {7} A - an uncursed wand of polymorph (0:0) {7} Tools ('(') j - a blessed magic lamp (lit) {20} k - an uncursed skeleton key {3} l - an uncursed mirror {13} o - an empty uncursed sack {15} q - an uncursed drum of earthquake (0:7) {25} s - an uncursed stethoscope {4} w - an uncursed pea whistle {3} F - an uncursed blindfold {2} J - an uncursed flute {5} O - a blessed bag of holding containing 65 items {362} Q - an uncursed pair of lenses (being worn) {3} R - an uncursed leash {12} Y - an uncursed towel {2} Gems/Stones ('*') S - an uncursed thiefstone (keyed to The Dungeons of Doom:4) {10} Z - an uncursed luckstone {10} Contents of the bag of holding: 13581 gold pieces an uncursed +0 dagger 5 uncursed +0 dwarvish spears an uncursed +1 dented pot an uncursed +0 elven helm an uncursed +0 pair of leather gloves a blessed +1 elven shield an uncursed +0 copper elven shield an uncursed +0 cloak of protection an uncursed egg a blessed scroll of enchant armor an uncursed scroll of remove curse an uncursed scroll of light 3 uncursed scrolls of create monster an uncursed scroll of scare monster 2 uncursed scrolls of amnesia 4 uncursed scrolls of blank paper an uncursed scroll of earth 2 uncursed scrolls of enchant weapon a cursed scroll of genocide 3 uncursed scrolls of teleportation a cursed scroll of teleportation an uncursed novel named The Last Hero an uncursed spellbook of cause fear a blessed spellbook of confuse monster an uncursed spellbook of extra healing an uncursed spellbook of fireball an uncursed spellbook of force bolt an uncursed spellbook of knock an uncursed spellbook of light a potion of holy water a blessed potion of blindness a cursed potion of booze a blessed potion of gain energy 2 uncursed potions of gain energy a cursed potion of invisibility 2 uncursed potions of invisibility an uncursed potion of monster detection an uncursed potion of object detection an uncursed potion of see invisible a cursed potion of sickness a cursed -2 ring of increase damage an uncursed ring of polymorph control an uncursed wand of create monster (0:0) an uncursed wand of create monster (0:1) an uncursed wand of digging (0:6) an uncursed wand of digging (0:6) an uncursed wand of light (0:10) an uncursed wand of make invisible (0:2) a cursed wand of make invisible (0:4) an uncursed wand of secret door detection (0:12) an uncursed wand of secret door detection (0:11) an uncursed wand of speed monster (0:6) an uncursed wand of undead turning (0:4) an uncursed +0 pick-axe an uncursed wooden figurine of a genetic engineer an uncursed tin opener 2 uncursed amber stones 2 uncursed amethyst stones an uncursed fluorite stone 2 uncursed garnet stones an uncursed jade stone an uncursed obsidian stone an uncursed opal a blessed touchstone UmberConductor the Monk's attributes: Background: You were a Student of Stones, a level 11 female human Monk. You were lawful, on a mission for Shan Lai Ching who was opposed by Chih Sung-tzu (neutral) and Huan Ti (chaotic). You were bisexual. You were in the Dungeons of Doom, on level 13. You entered the dungeon 18541 turns ago. There was a full moon in effect when your adventure ended. You had 11057 experience points, 3943 more were needed to attain level 12. Your score was 58803 before end-of-game adjustments. Basics: You had 0 out of 81 hit points. You had all 63 energy points (spell power). Your armor class was -4. Your wallet contained 224 zorkmids, and you had 13581 more stashed away in your pack. Autopickup was on for '$"?+!=/' plus thrown, with exceptions. Final Characteristics: Your strength was 16 (limit:18/100). Your dexterity was 17 (peak:18, limit:18). Your constitution was 17 (limit:18). Your intelligence was 12 (limit:18). Your wisdom was 18 (limit:18). Your charisma was 11 (limit:18). Final Status: You were stunned. You were hungry. You were unencumbered. You were empty handed. You had master skill with martial arts. Final Attributes: You were piously aligned. You were fire resistant. You were sleep resistant. You were poison resistant. You saw invisible. You were warned. You had automatic searching. You were stealthy. You had a small defense bonus (+4). You were guarded. You were fast. You had reflection. You were very lucky. You had extra luck. Bad luck did not time out for you. Good luck did not time out for you. You are dead. Miscellaneous: You never encountered a bones level. Total elapsed playing time was 6 hours, 2 minutes and 30 seconds. Major events: Turn 1: UmberConductor the lawful female human Monk entered the dungeon 494: entered the Gnomish Mines 549: attained the rank of Novice (level 3) 1432: attained the rank of Initiate (level 6) 2512: read a Discworld novel 8114: entered Sokoban 8375: completed 1st Sokoban level 9167: completed 2nd Sokoban level 9627: completed 3rd Sokoban level 10726: completed 4th Sokoban level 11890: attained the rank of Student of Stones (level 10) 12642: acquired the Sokoban bag of holding 16791: made her first wish - "blessed greased fixed amulet of reflection named Unexpectancy", got "a greased perforated amulet named Unexpectancy" 16935: performed her first genocide (arch-liches) 18541: killed by a rock troll Vanquished creatures: 2 giant mimics 2 long worms an ogre tyrant an elven monarch 2 stalkers an air elemental a black naga 2 winter wolves 3 small mimics a glass piercer 2 warhorses a xan an ogre leader 2 trolls a gelatinous cube a freezing sphere a flaming sphere a large cat 3 tigers a gargoyle a dwarf ruler 3 ochre jellies 3 leocrottas a red naga a wraith a leather golem a soldier a watchman an amorous demon a chameleon a giant beetle a quivering blob 4 cockatrices a winter wolf cub 2 lynxes 2 panthers a spotted jelly 49 leprechauns 3 mountain nymphs 3 iron piercers 2 giant spiders an ice vortex a vampire bat 4 ogres a brown pudding 2 rust monsters 2 owlbears a gold golem 2 werewolves 4 lizards 5 chickatrices 2 dingoes a housecat a jaguar a dwarf leader 3 blue jellies a water nymph a dust vortex 2 plains centaurs a gnome mummy 3 Woodland-elves 2 snakes 4 apes a rope golem a soldier ant 2 fire ants 4 wood nymphs 18 bugbears 4 Mordor orcs 4 Uruk-hai an orc shaman 5 rock piercers 3 rock moles 3 ponies a fog cloud 3 yellow lights 2 shriekers a violet fungus a black mold 15 gnome leaders 5 gnomish wizards 2 kobold mummies a guardian naga hatchling 3 gray oozes an elf zombie a ghoul 2 straw golems a paper golem 2 little dogs 6 floating eyes a kitten 8 dwarves 2 homunculi 3 kobold leaders 4 kobold shamans 11 hill orcs 5 rothes 2 rabid rats 7 giant bats 2 monkeys 4 orc zombies 2 dwarf zombies 2 wererats 2 werejackals 6 iguanas 9 killer bees 2 acid blobs 2 coyotes 2 gas spores 2 hobbits 2 large kobolds 13 hobgoblins 3 giant rats 5 cave spiders 3 brown molds 2 green molds a red mold 53 gnomes 2 garter snakes 2 gnome zombies 4 geckos 4 jackals 4 kobolds 2 goblins a sewer rat 10 grid bugs a bat 9 lichens 2 kobold zombies 8 newts 460 creatures vanquished. Genocided species: arch-liches 1 species genocided. Voluntary challenges: You followed a strict vegan diet. You never hit with a wielded weapon. You read items or engraved 27 times. You genocided 1 type of monster. You polymorphed 1 item. You never touched an artifact. You used 1 wish. You did not wish for any artifacts. You were celibate. You never generated conflict. You violated the special Sokoban rules thrice. Achievements: You entered a shop. You entered the Gnomish Mines. You attained the rank of Novice. You attained the rank of Initiate. You entered a temple. You read from a Discworld novel. You entered Sokoban. You attained the rank of Student of Stones. You completed Sokoban. Dungeon overview: The Dungeons of Doom: levels 1 to 13 Level 1: A fountain, a tree. Level 2: A general store. Stairs down to The Gnomish Mines. Level 3: A tool shop, a fountain. Level 4: Level 5: A general store, a fountain. Level 6: Level 7: Many fountains. Oracle of Delphi. Level 8: Stairs up to Sokoban, level 7. Level 9: A fountain, a tree. Level 10: Level 11: A tree. Level 12: A fountain. Level 13: <- You were here. Summoned by the Grand Master. Portal to The Quest. Final resting place for you, killed by a rock troll. The Gnomish Mines: levels 3 to 8 Level 3: Level 4: Level 5: Level 6: Many shops, a temple to Shan Lai Ching, some fountains, a sink. Level 7: Level 8: The Quest: Level 1: A fountain, many trees. Home. Sokoban: levels 7 up to 4 Level 4: Solved. Level 5: Solved. Level 6: Solved. Level 7: Solved. Game over: __________ / \ / REST \ / IN \ / PEACE \ / \ | UmberConductor | | 13805 Au | | killed by a rock | | troll | | | | | | 2024 | *| * * * | * _________)/\\_//(\/(/\)/\//\/|_)_______ Punardarsanaya UmberConductor the Monk... You died in The Dungeons of Doom on dungeon level 13 with 57423 points, and 13805 pieces of gold, after 18541 moves. You were level 11 with a maximum of 81 hit points when you died.